 Seeded DCSS version 0.32-a0-961-gd60f5e5fc7 (webtiles) character file.

Game seed: 2024041701 (custom seed)

20 Orlauf the Chopper (level 2, -6/23 HPs)
             Began as a Demonspawn Gladiator on Apr 17, 2024.
             Mangled by Sigmund
             ... wielding a +2 scythe of venom
              (7 damage)
             ... on level 2 of the Dungeon.
             The game lasted 00:01:22 (938 turns).

Orlauf the Chopper (Demonspawn Gladiator)            Turns: 938, Time: 00:01:22

Health: -6/23      AC: 13    Str: 14    XL:     2   Next: 58%
Magic:  2/2        EV:  6    Int:  8    God:
Gold:   65         SH:  0    Dex: 14    Spells: 1/1 levels left

rFire   . . .        a - +0 war axe
rCold   . . .        (no shield)
rNeg    . . .        p - +3 chain mail
rPois   .            c - +0 helmet
rElec   .            (no cloak)
rCorr   .            b - +0 pair of gloves
SInv    .            (no boots)
Will    .....        (no amulet) Stlth
                     (no ring)
HPRegen 0.23/turn    (no ring)
MPRegen 0.08/turn

%: no passive effects
@: lethally poisoned (-6 -> -40)
A: ignite blood 1
a: no special abilities


You were on level 2 of the Dungeon.
You visited 1 branch of the dungeon, and saw 2 of its levels.

You collected 65 gold pieces.

Inventory:

Hand Weapons
 a - a +0 war axe (weapon)
Missiles
 d - 3 throwing nets (quivered)
 e - a javelin
Armour
 b - a +0 pair of gloves (worn)
 c - a +0 helmet (worn)
 p - a +3 chain mail (worn)
Scrolls
 f - 2 scrolls of teleportation
 j - a scroll of identify
Potions
 l - a potion of enlightenment {unknown}
 m - 2 potions of invisibility
 o - a potion of mutation {unknown}


   Skills:
 + Level 2.4 Fighting
 * Level 3.3 Axes
 - Level 1.7 Throwing
 - Level 2.6 Dodging


You had one spell level left.
You didn't know any spells.
Your spell library contained the following spells:

 Spells                   Type           Power      Damage    Failure   Level
 Inner Flame              Hex/Fire       0%         N/A       100%        3
 Irradiate                Conj/Alch      0%         3d11      100%        5
 Ignition                 Fire           0%         3d3       100%        8


Dungeon Overview and Level Annotations

Branches:
Dungeon (2/15)

Altars:

Annotations:
D:2 Jessica, Sigmund


Innate Abilities, Weirdness & Mutations

Your demonic aura sometimes causes spilled blood to erupt in flames.


Message History

The bat barely misses you. Sigmund attacks as he pursues you!
Sigmund hits you but does no damage.
You are lethally poisoned!
You hit Jessica but do no damage. You barely miss the bat.
You feel very sick. The bat barely misses you.
You miss Jessica. You hit the bat.
You kill the bat!
You feel very sick. Sigmund hits you but does no damage.
You are lethally poisoned!
Jessica hits you but does no damage.
You are more poisoned.
You're too confused to move!
You feel less invigorated.
You feel very sick.
Sigmund hits you from afar with a +2 scythe of venom.
You are more poisoned.
Jessica hits you but does no damage.
It was a potion of curing.
You feel better.
Jessica hits you with a +2 dagger of venom.
You are poisoned.
Sigmund gestures at you while chanting.
The puff of flame hits you but does no damage.
You feel very sick.
Jessica mumbles some strange words.
Jessica seems to speed up.
Sigmund hits you with a +2 scythe of venom.
You are lethally poisoned!
You closely miss Sigmund. You closely miss Jessica.
* * * LOW HITPOINT WARNING * * *
You feel very sick.
Jessica hits you with a +2 dagger of venom.
* * * LOW HITPOINT WARNING * * *
You are more poisoned.
Jessica hits you with a +2 dagger of venom.
* * * LOW HITPOINT WARNING * * *
You are more poisoned.
Sigmund hits you with a +2 scythe of venom!
You die...
Sigmund begins carving another notch in his scythe.

..... #...#
... .....
####...##..#
.#...
#.........#
...##
#.#.........##
.....
#.#...........
#####
#.#..........#
#.#...@......#
#.#...@.......
.
#.#....@....##
..
#.#.........#
..
#<..........#
##.########.#
#.# # ...
..... .......


You could see Sigmund and Jessica (fast).

Vanquished Creatures
  4 bats
  An endoplasm (D:1)
  A giant cockroach (D:1)
  2 goblins
  3 hobgoblins
  3 kobolds (D:1)
  A ball python (D:2)
  4 rats
19 creatures vanquished.

Notes
Turn   | Place    | Note
-------+----------+-------------------------------------------
     0 | D:1      | Orlauf the Demonspawn Gladiator began the quest for the
                  | Orb.
     0 | D:1      | Reached XP level 1. HP: 16/16 MP: 1/1
   176 | D:1      | Reached skill level 3 in Axes
   279 | D:1      | You fall into a shaft and drop 1 floor!
   292 | D:2      | Gained mutation: Your demonic aura sometimes causes spilled
                  | blood to erupt in flames. [demonic ancestry]
   292 | D:2      | Reached XP level 2. HP: 8/22 MP: 2/2
   927 | D:2      | Noticed Jessica
   928 | D:2      | Noticed Sigmund
   938 | D:2      | HP: 1/23 [Jessica/+2 dagger of venom (2)]
   938 | D:2      | Mangled by Sigmund

Illustrated notes

Levels and vault maps discovered:
D:1:      dpeg_arrival_connections, layout_loops_ring,
          hangedman_abyss_or_decor_lesser_grid, kennysheep_doodads,
          minmay_statues_item, serial_park_tiny_pond
D:2:      layout_rooms, shapermc_ecumenical_altar_mp_vishouse, corner_web_ring,
          uniq_jessica, uniq_sigmund, uniq_robin

Skill      XL: |  1 |
---------------+----+-----
Axes           | 3 |  3.3
Fighting       | |  2.4
Throwing       | |  1.7
Dodging        | |  2.6

Action                     || total
---------------------------++-------
  Melee: War axe           ||    43
    Use: Scroll            ||     4
         Potion            ||     2
 Armour: Ring mail         ||    33
         Leather armour    ||     1
         Chain mail        ||    19
  Dodge: Dodged            ||    23

Table legend: (Time is in decaauts)
 A = Elapsed time spent in this place.
 B = Non-inter-level travel time spent in this place.
 C = Inter-level travel time spent in this place.
 D = Time resting spent in this place.
 E = Time spent auto-exploring this place.
 F = Levels seen in this place.
 G = Mean time per level.
                   A        B        C        D        E       F      G
               +--------+--------+--------+--------+--------+-----+--------+
         Total |    952 |    938 |     14 |     93 |    651 |   2 |  476.0 |
       Dungeon |    952 |    938 |     14 |     93 |    651 |   2 |  476.0 |
               +--------+--------+--------+--------+--------+-----+--------+

Top non-repeatable levels by time:
     D:1: 782 daAuts
     D:2: 170 daAuts
